 Dungeon Crawl Stone Soup version 0.30.0-13-g156ef70053 (webtiles) character file.

Game seed: 4261358972847634253

15 Villanelle the Vexing (level 2, -1/19 HPs)
             Began as a Human Enchanter on May 17, 2023.
             Slain by a hobgoblin (4 damage)
             ... on level 3 of the Dungeon.
             The game lasted 00:04:14 (758 turns).

Villanelle the Vexing (Human Enchanter)              Turns: 758, Time: 00:04:19

Health: -1/19      AC:  3    Str:  8    XL:     2   Next: 65%
Magic:  5/5        EV: 12    Int: 15    God:
Gold:   57         SH:  0    Dex: 13    Spells: 2/5 levels left

rFire   . . .        g - +0 hand axe
rCold   . . .        (no shield)
rNeg    + . .        b - +1 robe
rPois   .            (no helmet)
rElec   .            (no cloak)
rCorr   .            (no gloves)
SInv    .            (no boots)
Will    .....        (no amulet)
Stlth   ++           m - ring of positive energy
HPRegen 0.23/turn    (no ring)
MPRegen 0.09/turn

%: no passive effects
@: invisible
A: no striking features
a: no special abilities


You were on level 3 of the Dungeon.
You visited 1 branch of the dungeon, and saw 3 of its levels.

You collected 57 gold pieces.

Inventory:

Hand Weapons
 a - a +1 dagger
 g - a +0 hand axe (weapon)
Armour
 b - a +1 robe (worn)
Jewellery
 m - a ring of positive energy (left hand)
Scrolls
 d - a scroll of silence
 h - a scroll of poison
 n - a scroll of noise {unknown}
Potions
 c - a potion of invisibility
 e - a potion of heal wounds {unknown}
 i - a potion of curing {unknown}
 j - a potion of attraction {unknown}
 k - a potion of might {unknown}
 l - a potion of magic {unknown}


   Skills:
 * Level 0.1 Fighting
 * Level 1.2 Short Blades
 * Level 0.1 Axes
 * Level 0.1 Armour
 * Level 2.1 Dodging
 * Level 3.2 Stealth
 * Level 2.1 Spellcasting
 * Level 3.2 Hexes


You had 2 spell levels left.
You knew the following spells:

 Your Spells              Type           Power      Damage    Failure   Level
a - Sting                 Tmut/Pois      4%         1d3       22%         1
b - Ensorcelled Hibernat  Hex/Ice        12%        N/A       17%         2

Your spell library contained the following spells:

 Spells                   Type           Power      Damage    Failure   Level
 Poisonous Vapours        Pois/Air       2%         N/A       32%         2
 Confusing Touch          Hex            11%        N/A       17%         3
 Tukima's Dance           Hex            11%        N/A       17%         3
 Dazzling Flash           Conj/Hex       12%        N/A       34%         3
 Ozocubu's Armour         Ice            1%         N/A       54%         3
 Olgreb's Toxic Radiance  Pois           1%         N/A       91%         4
 Metabolic Englaciation   Hex/Ice        3%         N/A       97%         5
 Simulacrum               Ice/Necr       0%         N/A       100%        6


Dungeon Overview and Level Annotations

Branches:
Dungeon (3/15)

Altars:


Message History

The kobold is heavily wounded.
The kobold closely misses you. The quokka misses you.
As you read the scroll of teleportation, it crumbles to dust.
You feel strangely unstable.
The orc wizard casts a spell.
The orc wizard flickers and vanishes!
The kobold hits you but does no damage. The quokka completely misses you.
The orc hits you with a +0 whip. The kobold attacks as you move away!
The kobold hits you with a +0 short sword.
* * * LOW HITPOINT WARNING * * *
The kobold attacks as you move away! The kobold barely misses you.
The orc attacks as you move away! The orc misses you.
Your surroundings suddenly seem different.
A rat and a hobgoblin come into view.
A rat comes into view.
You fade into invisibility!
The rat bites you but does no damage. The hobgoblin hits you.
* * * LOW HITPOINT WARNING * * *
Unknown command.
You hit the hobgoblin.
The hobgoblin is lightly wounded.
You closely miss the rat. The rat bites you.
* * * LOW HITPOINT WARNING * * *
The hobgoblin closely misses you. The rat misses you.
The hobgoblin hits you but does no damage.
You hit the hobgoblin.
The hobgoblin is almost dead.
You closely miss the rat. The rat bites you but does no damage.
You hit the rat but do no damage. You hit the rat.
You kill the rat!
You strike the helpless hobgoblin from behind!
You hit the hobgoblin but do no damage. The hobgoblin closely misses you.
You hit the hobgoblin but do no damage.
The hobgoblin is almost dead.
You strike the helpless rat from behind!
You hit the rat but do no damage. The hobgoblin hits you.
* * * LOW HITPOINT WARNING * * *
The rat bites you but does no damage. The hobgoblin hits you.
You die...

## .. .##
...#
######...#
#....r...#
###@##.#...
#.g........
#.#.##.....
#.#.# #...
# #.. ..
###


You could see a hobgoblin (unable to see you) and a rat (unable to see you).

Vanquished Creatures
  A dart slug (D:3)
  A ball python (D:3)
  4 bats
  An endoplasm (D:1)
  A giant cockroach (D:1)
  A quokka (D:2)
  2 goblins
  2 rats
13 creatures vanquished.

Notes
Turn   | Place    | Note
-------+----------+-------------------------------------------
     0 | D:1      | Villanelle the Human Enchanter began the quest for the Orb.
     0 | D:1      | Reached XP level 1. HP: 13/13 MP: 3/3
   144 | D:1      | Learned a level 1 spell: Sting
   291 | D:1      | Reached XP level 2. HP: 19/19 MP: 0/5
   294 | D:1      | Learned a level 2 spell: Ensorcelled Hibernation
   758 | D:3      | Slain by a hobgoblin

Illustrated notes

Levels and vault maps discovered:
D:1:      grunt_arrival_lava_bath, layout_basic, grunt_decor_fettered
D:2:      layout_rooms
D:3:      layout_loops_cross, zin_scriptorium, shapermc_ecumenical_altar_ellora

Action                     || total
---------------------------++-------
  Melee: Dagger            ||    13
         Hand axe          ||    26
   Cast: Sting             ||    10
    Use: Scroll            ||     6
         Potion            ||     1
   Stab: Invisible         ||     2
         Sleeping          ||     1
 Armour: Robe              ||    17
  Dodge: Dodged            ||    44
